Map: Catalisador LE

Players

leonidas - Winner!

  • Race: Protoss Protoss
  • League: Silver
  • Spawn Location: 11:00

IagoAbreu

  • Race: Zerg Zerg
  • League: Gold
  • Spawn Location: 5:00

VOD

Have the link to the VOD?

Description

Time

  • Played on: March 13, 2018, 2:09 p.m.
  • Length: 15:44
Show
View Real Time Build Order
Export as new Build Order

leonidas Protoss - Winner!

Build Orders:  

Get SALT Encoding   

  12  0:01  Probe (Chrono Boost)  
  13  0:14  Probe (Chrono Boost)  
  14  0:30  Pylon  
  14  0:34  Probe  
  15  0:48  Probe  
  16  1:17  Gateway  
  16  1:19  Forge  
  15  1:35  Pylon  
  15  1:51  Nexus  
  15  1:54  Probe  
  15  1:55  Photon Cannon  
  15  2:09  Photon Cannon  
  15  2:25  Pylon  
  17  2:30  Zealot  
  17  2:40  Probe (Chrono Boost)  
  18  2:49  Probe (Chrono Boost)  
  16  2:54  Probe (Chrono Boost)  
  17  3:07  Probe (Chrono Boost)  
  18  3:16  Probe (Chrono Boost)  
  19  3:21  Zealot  
  19  3:25  Probe (Chrono Boost)  
  19  3:27  Probe (Chrono Boost)  
  23  3:33  Probe (Chrono Boost)  
  25  3:35  Probe (Chrono Boost)  
  25  3:40  Probe (Chrono Boost)  
  26  3:46  Pylon  
  27  3:49  Probe (Chrono Boost)  
  27  3:51  Probe (Chrono Boost)  
  27  3:55  Assimilator, Probe  
  29  3:56  Assimilator  
  29  4:00  Probe  
  30  4:07  Pylon, Probe  
  31  4:15  Cybernetics Core  
  31  4:20  Probe (Chrono Boost)  
  31  4:23  Probe (Chrono Boost)  
  34  4:32  Probe (Chrono Boost)  
  34  4:35  Probe (Chrono Boost)  
  34  4:36  Zealot  
  37  4:40  Probe (Chrono Boost)  
  37  4:43  Assimilator  
  38  4:45  Assimilator, Probe  
  39  4:57  Probe  
  40  5:06  Probe (Chrono Boost)  
  41  5:09  Probe (Chrono Boost)  
  42  5:21  Probe (Chrono Boost)  
  44  5:22  Probe (Chrono Boost)  
  44  5:25  Stargate, Probe (Chrono Boost)  
  44  5:28  Twilight Council  
  45  5:32  Photon Cannon  
  45  5:36  Stargate, Probe  
  45  5:40  Gateway  
  45  5:42  Gateway  
  46  5:46  Photon Cannon  
  46  5:52  Pylon  
  46  5:55  Pylon, Probe  
  47  6:05  Photon Cannon  
  47  6:06  Shield Battery  
  47  6:07  Probe  
  48  6:17  Void Ray  
  52  6:19  Charge, Probe (Chrono Boost)  
  52  6:23  Probe (Chrono Boost)  
  54  6:31  Probe (Chrono Boost)  
  54  6:32  Photon Cannon  
  55  6:38  Photon Cannon, Probe (Chrono Boost)  
  56  6:42  Zealot x2  
  56  6:45  Probe  
  61  6:58  Probe, Nexus  
  62  7:09  Zealot  
  62  7:10  Zealot, Probe, Protoss Air Weapons Level 1  
  67  7:17  Photon Cannon  
  67  7:20  Void Ray  
  67  7:22  Probe  
  72  7:27  Void Ray  
  76  7:36  Pylon  
  76  7:45  Zealot  
  78  7:53  Pylon  
  78  7:54  Zealot x2  
  78  7:56  Pylon  
  82  8:09  Void Ray  
  82  8:12  Photon Cannon, Zealot  
  88  8:16  Photon Cannon  
  88  8:21  Zealot  
  90  8:32  Photon Cannon  
  90  8:33  Photon Cannon  
  90  8:35  Photon Cannon  
  90  8:37  Photon Cannon  
  90  8:47  Photon Cannon  
  86  9:05  Zealot  
  86  9:07  Zealot x2  
  84  9:10  Void Ray x2  
  84  9:16  Photon Cannon  
  90  9:19  Probe (Chrono Boost), Shield Battery  
  91  9:25  Photon Cannon  
  91  9:31  Probe (Chrono Boost)  
  92  9:32  Zealot  
  92  9:34  Zealot x2  
  99  9:38  Probe (Chrono Boost)  
  99  9:45  Probe  
  100  9:54  Void Ray x2  
  100  9:57  Probe  
  109  10:09  Probe  
  110  10:21  Probe  
  111  10:29  Photon Cannon  
  111  10:33  Zealot, Probe  
  114  10:36  Zealot  
  116  10:48  Pylon  
  116  11:06  Void Ray, Zealot x2  
  124  11:16  Photon Cannon  
  124  11:19  Photon Cannon, Assimilator  
  124  11:22  Assimilator  
  124  11:57  Photon Cannon  
  124  12:00  Photon Cannon  
  124  12:12  Photon Cannon  
  124  12:14  Photon Cannon  
  124  13:08  Zealot  
  124  13:10  Void Ray x2, Zealot x2  
  98  13:35  Zealot  
  98  13:36  Pylon  
  98  13:37  Zealot x2  
  104  13:53  Void Ray  
  96  14:02  Zealot  
  96  14:04  Zealot  
  96  14:05  Zealot  
  96  14:09  Void Ray  
  106  14:30  Zealot  
  108  14:31  Zealot  
  108  14:32  Zealot  
  108  14:36  Void Ray  
  112  14:57  Zealot  
  112  14:58  Zealot  
  116  15:03  Probe (Chrono Boost)  
  117  15:13  Probe (Chrono Boost)  
  118  15:18  Probe (Chrono Boost)  
  121  15:30  Probe  
Show
View Real Time Build Order
Export as new Build Order

IagoAbreu Zerg 

Build Orders: Pool First 

Get SALT Encoding   

  12  0:19  Spawning Pool  
  11  0:25  Drone  
  11  0:27  Drone  
  13  0:36  Overlord  
  13  0:41  Drone  
  14  1:05  Drone  
  15  1:23  Zergling x6  
  18  1:47  Queen  
  18  1:49  Drone  
  18  1:53  Drone  
  22  2:11  Extractor  
  22  2:13  Extractor  
  20  2:24  Hatchery  
  17  2:57  Queen  
  18  3:02  Drone x3  
  21  3:31  Zergling x2  
  21  3:32  Overlord  
  21  3:33  Overlord x3  
  22  3:48  Drone  
  23  4:00  Drone x3  
  23  4:02  Burrow  
  26  4:05  Lair  
  26  4:21  Drone x4  
  30  4:39  Drone x2  
  30  4:41  Zergling x2  
  30  4:42  Zergling x6  
  36  4:46  Zergling x4  
  36  4:49  Zergling x2  
  39  4:55  Metabolic Boost  
  39  5:00  Extractor  
  39  5:04  Extractor  
  37  5:21  Zergling x10  
  40  5:24  Drone x3  
  45  5:47  Spire  
  44  5:51  Hydralisk Den  
  44  5:55  Nydus Network  
  42  5:59  Drone x3  
  45  6:05  Drone  
  45  6:08  Drone  
  47  6:13  Overseer  
  47  6:25  Drone x3  
  50  6:28  Drone  
  51  7:10  Hatchery  
  50  7:22  Queen  
  52  7:30  Hydralisk  
  52  7:31  Hydralisk x3  
  52  7:33  Overlord x4  
  60  7:46  Evolution Chamber  
  59  8:16  Overseer  
  59  8:37  Mutalisk x4  
  59  8:38  Corruptor x5  
  77  8:45  Hydralisk  
  77  8:47  Hydralisk  
  71  9:17  Infestation Pit  
  71  9:20  Zerg Missile Weapons Level 1  
  71  9:22  Grooved Spines  
  70  9:25  Zerg Flyer Weapons Level 1  
  70  9:50  Hatchery  
  69  10:24  Corruptor x6  
  69  10:25  Mutalisk x2, Corruptor  
  87  10:37  Hive  
  87  10:53  Overlord x3  
  87  10:58  Overlord  
  85  11:53  Greater Spire  
  85  12:03  Ultralisk Cavern  
  83  12:20  Hatchery  
  82  12:34  Corruptor  
  82  12:35  Corruptor x5  
  38  13:26  Corruptor x3  
  8  14:26  Ultralisk  
Tags
 
Add a new tag
Caveats
  • Supply blocks, unpowered buildings, or Contaminate may cause inaccurate times.
  • Supply counts are checked every 10 seconds.